 Dungeon Crawl Stone Soup version 0.24.0-125-gc4c63601f3 (webtiles) character file.

Game seed: 18120368437856269592, levelgen mode: deterministic

44802 Frank2 the Basher (level 13, 0/104 HPs)
             Began as a Demonspawn Gladiator on Mar 8, 2020.
             Was a Priest of Ashenzari.
             Succumbed to their own poison gas
             ... on level 6 of the Lair of Beasts.
             The game lasted 00:57:48 (19180 turns).

Frank2 the Basher (Demonspawn Gladiator)           Turns: 19180, Time: 00:57:49

Health: 0/104      AC: 11    Str: 21    XL:     13   Next: 98%
Magic:  7/21       EV: 23    Int: 10    God:    Ashenzari [***...]
Gold:   1089       SH:  0    Dex: 27    Spells: 12/12 levels left

rFire    + . .     SeeInvis +   o - +8 dire flail (freeze)
rCold    + + .     Gourm    .   (shield currently unavailable)
rNeg     . . .     Faith    .   k - +2 ring mail {MR+} (curse)
rPois    .         Spirit   +   (no helmet)
rElec    +         Reflect  .   E - +1 cloak of Starlight {rElec rC+ EV+4 Stlth--} (curse)
rCorr    .         Harm     .   (no gloves)
MR       +....                  (no boots)
Stlth    +.........             (no amulet)
HPRegen  0.27/turn              m - +3 ring of dexterity
MPRegen  0.17/turn              n - +5 ring of strength (curse)

@: lethally poisoned (0 -> -25), very slow
A: claws 2, thin skeletal structure 3, blink, cold resistance 1, fire resistance
1, magic shield
a: Blink, Curse Item, Scrying, Renounce Religion


You were on level 6 of the Lair of Beasts.
You worshipped Ashenzari.
Ashenzari was most pleased with you.
You were not hungry.

You visited 3 branches of the dungeon, and saw 17 of its levels.
You also visited: Ice Cave.

You collected 1089 gold pieces.

Inventory:

Hand Weapons
 e - a +4 flail of crushing
 g - the +5 mace of the Invisible Runes {crush, Stlth+}
   (You found it on level 5 of the Dungeon)

   It inflicts extra damage upon your enemies.
   It makes you more stealthy.
 o - a +8 dire flail of freezing (weapon)
Missiles
 s - 2 throwing nets (quivered)
Armour
 c - a cursed +0 helmet
 k - a cursed +2 ring mail of magic resistance (worn)
 u - a scarf of repulsion
 B - a cursed +0 plate armour
 E - the cursed +1 cloak of Starlight (worn) {rElec rC+ EV+4 Stlth--}
   (You acquired it on level 1 of the Lair of Beasts)

   It affects your evasion (+4).
   It protects you from cold.
   It insulates you from electricity.
   It makes you much less stealthy.
   It has a curse placed upon it.
Jewellery
 b - an uncursed ring of positive energy
 m - a +3 ring of dexterity (left claw)
 n - a cursed +5 ring of strength (right claw)
 p - an uncursed ring of flight
 y - an uncursed ring of protection from magic
 D - an uncursed ring of positive energy
 H - an uncursed ring of stealth
Wands
 q - a wand of enslavement (23)
 G - a wand of clouds (5)
 J - a wand of paralysis (2)
Scrolls
 a - 2 scrolls of identify
 j - 2 scrolls of teleportation
 l - 3 scrolls of fog
 t - a scroll of holy word {unknown}
 w - 3 scrolls of enchant weapon
 N - a scroll of magic mapping
Potions
 d - a potion of resistance
 h - 3 potions of flight
 i - a potion of mutation
 r - a potion of invisibility
 x - a potion of brilliance
 z - a potion of agility
 C - a potion of lignification
 I - a potion of cancellation
Comestibles
 f - 30 rations
 v - a chunk of flesh


   Skills:
 + Level 10.4 Fighting
 + Level 13.7 Maces & Flails
 - Level 1.7 Throwing
 + Level 8.6 Armour
 + Level 8.1 Dodging
 * Level 11.1 Evocations


You had 12 spell levels left.
You didn't know any spells.
Your spell library contained the following spells:

 Spells                   Type           Power        Failure   Level  Hunger
 Animate Skeleton         Necr           N/A          50%         1    ##.....
 Apportation              Tloc           #.....       50%         1    ##.....
 Beastly Appendage        Tmut           #.....       50%         1    ##.....
 Confusing Touch          Hex            #.....       50%         1    ##.....
 Infusion                 Chrm           #...         50%         1    ##.....
 Pain                     Necr           #...         50%         1    ##.....
 Summon Small Mammal      Summ           #...         50%         1    ##.....
 Shroud of Golubria       Chrm/Tloc      #.....       65%         2    ###....
 Song of Slaying          Chrm           #.......     65%         2    ###....
 Sticks to Snakes         Tmut           #.......     65%         2    ###....
 Regeneration             Chrm/Necr      #.........   86%         3    ####...
 Spectral Weapon          Hex/Chrm       #.......     86%         3    ####...
 Spider Form              Tmut/Pois      #.........   86%         3    ####...
 Vampiric Draining        Necr           #.........   86%         3    ####...
 Animate Dead             Necr           N/A          99%         4    #####..
 Ice Form                 Ice/Tmut       #.......     99%         4    #####..
 Blade Hands              Tmut           #.........   100%        5    ######.


Dungeon Overview and Level Annotations

Branches:
Dungeon (10/15)            Temple (1/1) D:5            Lair (6/6) D:10
 Shoals (0/4) Lair:2        Snake (0/4) Lair:4        Slime (0/5) Lair:5
  IceCv (visited)
    Orc: D:9-12

Altars:
Ashenzari
Cheibriados
Dithmenos
Elyvilon
Fedhas
Gozag
Hepliaklqana
Kikubaaqudgha
Makhleb
Nemelex Xobeh
Okawaru
Qazlal
Ru
Sif Muna
Trog
Uskayaw
Vehumet
Wu Jian
Xom
Yredelemnul
Zin
The Shining One

Shops:
D:4 %   D:8 (   D:10 [


Innate Abilities, Weirdness & Mutations

You have very sharp fingernails.
You have an unnaturally thin skeletal structure. (Dex +6, Stealth++)
Your flesh is cold resistant. (rC+)
When hurt, damage is shared between your health and your magic reserves.
You can translocate small distances at will.
Your flesh is heat resistant. (rF+)


Message History

Unknown command.
You bludgeon the merfolk avatar!! You freeze the merfolk avatar.
You break out of your daze!
You kill the merfolk avatar!
The drowned soul returns to the deep! x3
* * * LOW HITPOINT WARNING * * *
You feel sick.
Unknown command.
It was a potion of haste.
You feel yourself speed up.
* * * LOW HITPOINT WARNING * * *
You feel sick.
It was a potion of cancellation.
Your magical effects are unravelling.
You feel magically purged.
You feel less wooden.
The cursed +1 cloak of Starlight {rElec rC+ EV+4 Stlth--} unmelds from your body.
Your cursed +2 ring mail of magic resistance unmelds from your body.
You feel resistant to hostile enchantments.
You feel yourself slow down.
You die...

.#≈# 8 ≈≈≈≈≈≈≈≈≈#8≈≈#≈##.....##
P≈P≈≈≈≈#≈≈≈P≈≈P≈≈≈#≈≈P≈P≈≈......#
≈≈≈≈≈≈≈#≈≈≈##≈≈≈≈≈#≈≈≈#≈≈≈≈.....#
#.≈≈≈≈≈#≈≈≈≈≈≈≈≈≈≈#≈≈≈.≈#.≈..####
#.≈.≈≈≈.≈#≈=%/)≈§§≈≈≈≈#≈.#...# *#
≈≈≈P≈≈≈.≈#≈%≈≈[≈§○°≈8≈≈≈≈≈≈..## #
≈≈≈≈≈≈≈# ≈≈)≈≈?≈§§°§≈≈≈≈≈≈...#≈##
.#≈#≈≈≈#≈≈≈$)(?≈†§≈○≈≈#≈(#≈..#≈≈#
##≈P≈≈≈#≈≈≈≈≈≈≈≈@≈#≈≈≈.≈#(...#≈≈(
≈≈≈≈P≈≈# ≈≈≈≈≈≈≈≈≈#≈≈≈#≈≈≈≈..##≈(
≈≈≈≈≈≈≈# ≈≈≈≈≈≈≈≈≈#≈≈≈≈≈≈P...###≈
.#≈#≈≈≈# ≈≈≈≈≈≈≈≈8#8≈≈#≈#.≈.P# #≈
..≈####################≈#...####.
≈≈≈≈≈≈≈≈≈≈≈≈≈≈≈≈≈≈P≈≈≈≈≈≈≈≈≈(...(
≈≈≈≈≈≈≈≈≈≈≈≈≈≈≈≈≈≈≈≈≈≈≈≈≈≈≈((...(
#.≈≈#.≈≈#.≈≈##≈≈##≈≈##P≈.#≈((...(
.#≈≈#.P≈##≈≈##≈≈##≈P##≈≈.#.P(.(..


There were no monsters in sight!

Vanquished Creatures
  Fannar (Lair:2)
  3 hydras
  4 two-headed ogres
  A merfolk avatar (Lair:6)
  3 death yaks
  Nergalle (Lair:4)
  Sonja (D:10)
  A sea snake (Lair:6)
  Pikel (D:7)
  A harpy (Lair:6)
  An oklob plant (Lair:4)
  An ugly thing (IceCv)
  A merfolk siren (Lair:2)
  7 elephants
  A black mamba (Lair:6)
  Psyche (D:9)
  2 ice statues (IceCv)
  15 spiny frogs
  3 rime drakes (Lair:6)
  7 komodo dragons
  2 ice devils (Lair:3)
  7 polar bears
  7 hippogriffs
  19 dream sheep (Lair:6)
  13 blink frogs
  14 yaks
  7 wyverns
  3 basilisks
  A steam dragon (D:10)
  Edmund (D:5)
  3 nagas (Lair:4)
  7 water moccasins
  9 porcupines
  A slave (D:7)
  2 sky beasts
  4 orc warriors
  6 ice beasts (IceCv)
  2 necrophages
  5 ogres
  11 wolves
  2 phantoms
  6 centaurs
  13 crocodiles
  2 big kobolds (D:8)
  13 bullfrogs
  A gnoll sergeant (D:8)
  A scorpion (D:9)
  18 killer bees
  5 wights (D:7)
  7 howler monkeys
  3 electric eels
  8 crimson imps
  3 centaur zombies
  7 hounds
  Crazy Yiuf (D:5)
  6 orc wizards
  A bullfrog zombie (D:7)
  A centaur skeleton (D:10)
  7 jellies
  3 orc priests
  3 bullfrog skeletons
  2 iguanas
  9 worker ants
  A hound zombie (D:7)
  A worker ant zombie (D:2)
  3 gnolls (D:8)
  7 adders
  3 river rats (D:10)
  3 oozes (Lair:5)
  An adder zombie (D:8)
  A worm (D:4)
  2 dart slugs
  7 leopard geckos
  26 orcs
  17 bats
  3 giant cockroaches
  7 goblins
  10 hobgoblins
  2 jackals (D:7)
  9 quokkas
  A ball python (D:4)
  5 frilled lizards
  17 kobolds
  A leopard gecko zombie (D:7)
  11 rats
  A fungus (Lair:4)
  2 plants (Lair:4)
443 creatures vanquished.

Vanquished Creatures (others)
  A wizard (D:4)
  9 bushes (Lair:6)
  18 fungi
  102 plants
130 creatures vanquished.

Grand Total: 573 creatures vanquished

Notes
Turn   | Place    | Note
-------+----------+-------------------------------------------
     0 | D:1      | Frank2 the Demonspawn Gladiator began the quest for the
                  | Orb.
     0 | D:1      | Reached XP level 1. HP: 16/16 MP: 1/1
   259 | D:1      | Gained mutation: You have a somewhat thin skeletal
                  | structure. (Dex +2, Stealth) [demonic ancestry]
   259 | D:1      | Reached XP level 2. HP: 22/22 MP: 2/2
   763 | D:2      | Reached skill level 3 in Maces & Flails
  1031 | D:2      | Reached XP level 3. HP: 27/27 MP: 3/3
  1798 | D:3      | Reached XP level 4. HP: 34/34 MP: 4/4
  1950 | D:3      | Reached skill level 1 in Armour
  2047 | D:3      | Found a shimmering blue altar of Sif Muna.
  2411 | D:4      | Found Lage's Food Shop.
  2419 | D:4      | Reached skill level 1 in Evocations
  2422 | D:4      | Gained mutation: You have a moderately thin skeletal
                  | structure. (Dex +4, Stealth+) [demonic ancestry]
  2422 | D:4      | Reached XP level 5. HP: 36/39 MP: 5/5
  2662 | D:4      | Found a bloodstained altar of Trog.
  2665 | D:4      | Noticed a wizard
  2670 | D:4      | Killed a wizard
  2746 | D:4      | Found a glowing silver altar of Zin.
  2832 | D:4      | Reached skill level 4 in Maces & Flails
  2867 | D:4      | Noticed a phantom
  2907 | D:4      | Killed a phantom
  2907 | D:4      | Gained mutation: When hurt, damage is shared between your
                  | health and your magic reserves. [demonic ancestry]
  2907 | D:4      | Reached XP level 6. HP: 11/46 MP: 7/7
  3424 | D:4      | Found a burning altar of Makhleb.
  3663 | D:5      | Entered Level 5 of the Dungeon
  3663 | D:5      | Noticed Edmund
  3685 | D:5      | Killed Edmund
  3685 | D:5      | Reached skill level 5 in Maces & Flails
  3735 | D:5      | Found a runed translucent door.
  3736 | D:5      | Noticed Crazy Yiuf
  3785 | D:5      | Gained mutation: You have sharp fingernails. [demonic
                  | ancestry]
  3785 | D:5      | Reached XP level 7. HP: 52/52 MP: 8/8
  3883 | D:5      | Found a staircase to the Ecumenical Temple.
  4416 | D:5      | Killed Crazy Yiuf
  4429 | D:5      | Got an ichor-stained mace
  4430 | D:5      | Identified the +5 mace of the Invisible Runes {crush,
                  | Stlth+} (You found it on level 5 of the Dungeon)
  4505 | D:6      | Reached skill level 6 in Maces & Flails
  4508 | D:6      | Reached XP level 8. HP: 49/60 MP: 10/10
  4928 | D:6      | Found an ornate altar of the Wu Jian Council.
  5310 | Temple   | Entered the Ecumenical Temple
  5409 | Temple   | Became a worshipper of Ashenzari the Shackled
  5518 | D:7      | Noticed a hippogriff
  5542 | D:7      | Killed a hippogriff
  5542 | D:7      | Reached skill level 7 in Maces & Flails
  5568 | D:7      | Found a basalt altar of Yredelemnul.
  5871 | D:7      | Gained mutation: You have an unnaturally thin skeletal
                  | structure. (Dex +6, Stealth++) [demonic ancestry]
  5871 | D:7      | Reached XP level 9. HP: 65/66 MP: 12/12
  5959 | D:7      | Reached skill level 5 in Evocations
  6122 | D:7      | Reached skill level 8 in Maces & Flails
  6126 | D:7      | Reached skill level 5 in Fighting
  6128 | D:7      | Noticed Pikel
  6141 | D:7      | Killed Pikel
  6721 | D:8      | Reached skill level 5 in Armour
  6784 | D:8      | Noticed a two-headed ogre
  6787 | D:8      | Reached * piety under Ashenzari
  6799 | D:8      | Killed a two-headed ogre
  6799 | D:8      | Reached XP level 10. HP: 61/76 MP: 10/14
  6837 | D:8      | Reached skill level 9 in Maces & Flails
  6852 | D:8      | Found a sacrificial altar of Ru.
  6920 | D:8      | Found Tourcheo's Antique Weapon Shoppe.
  6951 | D:8      | Found a blossoming altar of Fedhas.
  7030 | D:8      | Found a hide-covered altar of Uskayaw.
  7325 | D:8      | Noticed a +0 dagger
  7325 | D:8      | Noticed a +0 hand axe
  7811 | D:9      | Reached skill level 5 in Dodging
  7862 | D:9      | Found a stormy altar of Qazlal.
  8061 | D:9      | Found an iron altar of Okawaru.
  8061 | D:9      | Noticed a two-headed ogre
  8062 | D:9      | Noticed Psyche
  8070 | D:9      | Killed a two-headed ogre
  8075 | D:9      | Killed Psyche
  8561 | D:10     | Entered Level 10 of the Dungeon
  8582 | D:10     | Reached ** piety under Ashenzari
  8678 | D:10     | Noticed a two-headed ogre
  8682 | D:10     | Killed a two-headed ogre
  8700 | D:10     | Noticed Sonja
  8703 | D:10     | Killed Sonja
  8703 | D:10     | Reached skill level 10 in Maces & Flails
  8851 | D:10     | Reached XP level 11. HP: 39/83 MP: 10/16
  9257 | D:10     | Noticed a death yak
  9258 | D:10     | Noticed a death yak
  9262 | D:10     | Noticed a death yak
  9360 | D:10     | Noticed a two-headed ogre
  9370 | D:10     | Killed a two-headed ogre
  9883 | D:10     | Found a staircase to the Lair.
  9901 | D:10     | Found Qium's Antique Armour Emporium.
  9984 | Lair:1   | Entered Level 1 of the Lair of Beasts
 10402 | Lair:1   | Noticed a six-headed hydra
 10406 | Lair:1   | Killed a six-headed hydra
 10585 | Lair:1   | Found a shimmering altar of Xom.
 10714 | Lair:1   | Reached skill level 11 in Maces & Flails
 11175 | Lair:1   | Identified a scroll of acquirement
 11176 | Lair:1   | Found the cursed +1 cloak of Starlight {rElec rC+ EV+4
                  | Stlth--}
 11265 | Lair:2   | Noticed Fannar
 11265 | Lair:2   | Noticed a four-headed hydra
 11276 | Lair:1   | Killed a four-headed hydra
 11554 | Lair:2   | Killed Fannar
 11784 | Lair:2   | Found a staircase to the Shoals.
 11797 | Lair:2   | Gained mutation: You have very sharp fingernails. [demonic
                  | ancestry]
 11797 | Lair:2   | Reached XP level 12. HP: 73/92 MP: 15/18
 12110 | Lair:2   | Noticed an eight-headed hydra
 12119 | Lair:2   | Killed an eight-headed hydra
 12181 | Lair:2   | Reached *** piety under Ashenzari
 12464 | Lair:3   | Found a frozen archway.
 12472 | Lair:3   | Gained mutation: Your spells are a little harder to cast,
                  | but a little more powerful. [potion of mutation]
 12472 | Lair:3   | Gained mutation: You are dopey. (Int -2) [potion of
                  | mutation]
 12472 | Lair:3   | Gained mutation: You have a pair of small horns on your
                  | head. [potion of mutation]
 12473 | Lair:3   | Lost mutation: You are dopey. (Int -2) [potion of mutation]
 12473 | Lair:3   | Lost mutation: You have a pair of small horns on your head.
                  | [potion of mutation]
 12473 | Lair:3   | Lost mutation: Your spells are a little harder to cast, but
                  | a little more powerful. [potion of mutation]
 12473 | Lair:3   | Gained mutation: You can translocate small distances at
                  | will. [potion of mutation]
 12473 | Lair:3   | Gained mutation: Your flesh is heat resistant. (rF+)
                  | [potion of mutation]
 12475 | IceCv    | Entered an ice cave
 12795 | IceCv    | Reached skill level 12 in Maces & Flails
 14826 | Lair:4   | Found a staircase to the Snake Pit.
 15041 | Lair:4   | Noticed Nergalle
 15066 | Lair:4   | Killed Nergalle
 15066 | Lair:4   | Reached skill level 10 in Evocations
 15634 | Lair:5   | Found a staircase to the Slime Pits.
 15831 | Lair:5   | Gained mutation: Your flesh is cold resistant. (rC+)
                  | [demonic ancestry]
 15831 | Lair:5   | Reached XP level 13. HP: 69/101 MP: 16/20
 16013 | Lair:6   | Entered Level 6 of the Lair of Beasts
 16906 | Lair:6   | Reached skill level 13 in Maces & Flails
 16927 | Lair:6   | Found a sparkling altar of Nemelex Xobeh.
 16986 | Lair:6   | HP: 4/101 [drowned by a drowned soul[a merfolk avatar]
                  | (13)]
 16991 | Lair:6   | HP: 1/101 [sea snake (12)]
 17983 | Lair:6   | Reached skill level 10 in Fighting
 19177 | Lair:6   | HP: 7/156 [poisoned by you (poison gas)]
 19180 | Lair:6   | Succumbed to their own poison gas

Levels and vault maps discovered:
D:1:      lightli_arrival_lavapool, layout_basic
D:2:      layout_basic
D:3:      layout_loops_ring, led_sif_pool, first_ration
D:4:      layout_cave_pods, nicolae_overflow_hidden_temple,
          makhleb_heckhound_becter, serial_shops, nicolae_shop_crystal,
          trog_wizard
D:5:      layout_loops_cross, temple_statues, chequers_serial_rivers_room_b,
          kennysheep_generic_room_8, uniq_edmund, uniq_crazy_yiuf_cottage
D:6:      layout_loops_ring, kennysheep_mini_moat, nicolae_lava_and_water
D:7:      layout_cave_pods, lemuel_round_altar, uniq_pikel
D:8:      layout_basic, nicolae_ru_path_of_blood, dancing_weapons_uskayaw,
          serial_shops, shop, basic_altar, grunt_ogre_cave, roderic_batcave
D:9:      layout_roguey, okawaru_metal_pillars_1_2, grunt_qazlal_clouds,
          uniq_psyche
D:10:     layout_gridville, dpeg_lair_monsters, serial_shops, shop, uniq_sonja
Temple:   minmay_temple_bridge_abc
Lair:1:   layout_hall_layers, basic_altar, grunt_megastairs_4
Lair:2:   layout_gridlike, minmay_shoals_entry_lonely_mermaid,
          serial_bayou_shore_a, uniq_fannar
Lair:3:   layout_loops_ring, portal_ice_cave_demonic_guard, grunt_megastairs_5
Lair:4:   layout_misc_corridors, minmay_snake_entry_guardpost_small,
          minmay_lair_oklob_items, hibernation_bobbens, uniq_nergalle
Lair:5:   layout_gridlike, nicolae_slime_entry_slimehenge, columned_hall_lemuel,
          lemuel_fruit_fields, serial_bayou_shore_b
Lair:6:   gammafunk_lair_ancient_temple, layout_cave_pods, serial_forest,
          infiniplex_forest_clump_small, infiniplex_forest_end_3,
          infiniplex_forest_clump_diagonal, infiniplex_forest_clump_small,
          lemuel_centaur_altar

Skill      XL: |  1  2  3  4  5  6  7  8  9 10 11 12 13 |
---------------+----------------------------------------+-----
Dodging        | 3 4 5 6 7 8 |  8.1
Maces & Flails | 3 4 5 6 7 8 10 11 12 13 | 13.7
Armour         | 1 2 3 4 5 6 7 8 |  8.6
Evocations     | 1 2 3 4 6 7 8 10 11 | 11.1
Fighting       | 3 4 5 6 7 9 10 | 10.4
Throwing       | |  1.7

Action                   |  1- 3 |  4- 6 |  7- 9 | 10-12 | 13-15 || total
-------------------------+-------+-------+-------+-------+-------++-------
Melee: Flail             |   116 |   135 |    37 |       |       ||   288
       Mace              |       |       |   234 |   936 |   200 ||  1370
       Dire flail        |       |       |       |       |   161 ||   161
Throw: Throwing net      |       |     4 |     4 |       |       ||     8
Invok: Curse Item        |       |       |     2 |     1 |       ||     3
Evoke: Wand              |       |     3 |     4 |    55 |    16 ||    78
  Use: Scroll            |     7 |     3 |    10 |    11 |    11 ||    42
       Potion            |       |     1 |     1 |     8 |    11 ||    21
 Stab: Sleeping          |     6 |     8 |     5 |    14 |       ||    33
       Held in net/web   |       |     2 |     3 |       |       ||     5
       Distracted        |       |       |     1 |     1 |       ||     2
       Paralysed         |       |       |       |     7 |    10 ||    17
  Eat: Chunk             |     3 |     6 |    10 |    25 |    12 ||    56
       Ration            |       |       |       |     1 |       ||     1
Armor: Leather armour    |    14 |       |       |       |       ||    14
       Ring mail         |    14 |    32 |    76 |   198 |    86 ||   406
       Skin              |       |       |       |       |     4 ||     4
Dodge: Dodged            |    88 |    79 |   178 |   757 |   352 ||  1454
